 Dungeon Crawl Stone Soup version 0.31.0-9-g3a7656b989 (webtiles) character file.

Game seed: 6874392536957365523

1537568 GordonOverkill the Hawkeye (level 25, 276/276 (278) HPs)
             Began as a Minotaur Alchemist on Jan 31, 2024.
             Was the Champion of Ru.
             Escaped with the Orb
             ... and 3 runes!
             The game lasted 02:24:12 (77474 turns).

GordonOverkill the Hawkeye (Minotaur Alchemist)    Turns: 77474, Time: 02:24:12

HP:   276/276 (278) AC: 52    Str: 25    XL:     25   Next: 6%
MP:   19/19         EV:  5    Int: 16    God:    Ru [******]
Gold: 4065          SH: 18    Dex: 11    Spells: 26/26 levels left

rFire   + . .        b - +9 broad axe (elec)
rCold   + . .        R - +5 Storm Queen's Shield {shock, Fly rElec}
rNeg    . . .        N - +11 crystal plate armour of Joruedogh {rPois Dex+3}
rPois   +            L - +2 hat "Rojuplec" {rC- Regen+ rCorr Dex+2}
rElec   +            s - +2 cloak of the Evening {rC++ Str+3 Dex-2}
rCorr   +            m - +2 pair of gloves
SInv    .            t - +0 pair of boots "Gyisius" {Slay+2}
Will    +....        e - amulet of regeneration Stlth
                     h - ring of the Tortoise {AC+8}
HPRegen 2.26/turn    n - ring "Motak" {rPois rF+}
MPRegen 0.16/turn

%: random rage (3%)
@: flying, studying 2 skills, lightly drained
A: horns 2, clumsy 2, low MP 2, no stealth, hated by all, no fire magic, no
alchemy magic, no summoning magic, reduced AC 1, reduced EV 1, retaliatory
headbutt, no forms, berserk 1, clever 1, passive freeze, robust 1, inability to
read after injury 2, MP-powered wands, noise suppression
0: Orb of Zot
}: 3/15 runes: decaying, silver, gossamer
a: Renounce Religion, Draw Out Power, Power Leap, Apocalypse


You escaped.
You worshipped Ru.
Ru was exalted by your worship.
You visited 9 branches of the dungeon, and saw 47 of its levels.
You visited 1 bazaar.
You also visited: Bailey and Gauntlet.

You collected 8484 gold pieces.
You spent 4419 gold pieces at shops.

Inventory:

Hand Weapons
 a - a +6 broad axe of freezing
 b - a +9 broad axe of electrocution (weapon)
Missiles
 c - 6 curare-tipped darts
 A - 35 boomerangs (quivered)
 J - a throwing net
 T - 8 javelins
Armour
 k - the +9 storm dragon scales of Wu Jian's Favour {rElec rF+ Will+}
   (You bought it in a shop in a bazaar)

   rF+:       It protects you from fire.
   rElec:     It insulates you from electricity.
   Will+:     It increases your willpower.
 m - a +2 pair of gloves (worn)
 s - the +2 cloak of the Evening (worn) {rC++ Str+3 Dex-2}
   (You found it on level 4 of the Dungeon)

   Str+3:     It affects your strength (+3).
   Dex-2:     It affects your dexterity (-2).
   rC++:      It greatly protects you from cold.
 t - the +0 pair of boots "Gyisius" (worn) {Slay+2}
   (You bought it in a shop in a bazaar)

   Slay+2:    It affects your accuracy & damage with ranged weapons and melee
   (+2).
 y - a +2 pair of boots of flying
 L - the +2 hat "Rojuplec" (worn) {rC- Regen+ rCorr Dex+2}
   (You found it on level 4 of the Spider Nest)

   Dex+2:     It affects your dexterity (+2).
   rC-:       It makes you vulnerable to cold.
   Regen+:    It increases your rate of health regeneration.
   rCorr:     It protects you from acid and corrosion.
 N - the +11 crystal plate armour of Joruedogh (worn) {rPois Dex+3}
   (You found it on level 5 of the Vaults)

   Dex+3:     It affects your dexterity (+3).
   rPois:     It protects you from poison
 R - the +5 Storm Queen's Shield (worn) {shock, Fly rElec}
   (You found it on level 5 of the Lair of Beasts)

   Shock:     When it blocks an attack, it may electrocute the attacker.
   This works even against foes who are a short distance away.
   rElec:     It insulates you from electricity.
   Fly:       It grants you flight.
Jewellery
 e - an amulet of regeneration (around neck)
 h - the ring of the Tortoise (left hand) {AC+8}
   (You took it off a deep elf high priest on level 3 of the Elven Halls)

   [ring of protection]

   AC+8:      It affects your AC (+8).
 i - a ring of protection from cold
 n - the ring "Motak" (right hand) {rPois rF+}
   (You bought it in a shop on level 8 of the Dungeon)

   [ring of protection from fire]

   rF+:       It protects you from fire.
   rPois:     It protects you from poison
 r - a ring of see invisible
 w - an amulet of guardian spirit
 B - a ring of willpower
 F - the ring "Yclor" {Wiz rF+ Int+5}
   (You found it on level 2 of the Realm of Zot)

   [ring of wizardry]

   Wiz:       It improves your spell success rate.
   Int+5:     It affects your intelligence (+5).
   rF+:       It protects you from fire.
 M - a ring of resist corrosion
Wands
 p - a wand of digging (14)
 z - a wand of polymorph (5)
 K - a wand of roots (39)
 P - a wand of light (34)
 X - a wand of mindburst (31)
Scrolls
 f - 12 scrolls of fear
 l - 9 scrolls of vulnerability
 u - 4 scrolls of blinking
 x - 26 scrolls of identify
 G - 4 scrolls of enchant armour
 H - 16 scrolls of teleportation
 I - 3 scrolls of silence
Potions
 d - 11 potions of heal wounds
 g - 8 potions of enlightenment
 j - 14 potions of curing
 q - 20 potions of ambrosia
 v - a potion of resistance
 C - a potion of haste
 E - 3 potions of might
 O - 4 potions of mutation
 Q - 2 potions of cancellation
 V - 6 potions of magic
 W - 3 potions of invisibility
 Y - a potion of brilliance
Miscellaneous
 D - a lightning rod (4/4)
 U - a phial of floods
 Z - a condenser vane


   Skills:
 - Level 26.0 Fighting
 - Level 20.0(20.7) Axes
 - Level 9.6(16.0) Maces & Flails
 + Level 26.7 Throwing
 - Level 20.0 Armour
 - Level 15.0 Dodging
 - Level 15.0 Shields
 - Level 1.3 Spellcasting
 - Level 0.6 Conjurations
 - Level 4.0 Evocations


You had 26 spell levels left.
You didn't know any spells.
Your spell library contained the following spells:

 Spells                   Type           Power      Damage    Failure   Level
 Magic Dart               Conj           12%        1d3       98%         1
 Kiss of Death            Conj/Necr      8%         2d6       99%         1
 Sandblast                Erth           2%         2d4       99%         1
 Slow                     Hex            4%         N/A       99%         1
 Ensorcelled Hibernation  Hex/Ice        2%         N/A       100%        2
 Sublimation of Blood     Necr           1%         N/A       100%        2
 Confusing Touch          Hex            1%         N/A       100%        3
 Dazzling Flash           Conj/Hex       4%         N/A       100%        3
 Fugue of the Fallen      Necr           1%         N/A       100%        3
 Hailstorm                Conj/Ice       2%         3d5       100%        3
 Passwall                 Erth           1%         N/A       100%        3
 Sigil of Binding         Hex            1%         N/A       100%        3
 Stone Arrow              Conj/Erth      4%         3d7       100%        3
 Swiftness                Air            1%         N/A       100%        3
 Vampiric Draining        Necr           1%         2d6       100%        3
 Anguish                  Hex/Necr       0%         N/A       100%        4
 Brom's Barrelling Bould  Conj/Erth      2%         2d3       100%        4
 Cause Fear               Hex            0%         N/A       100%        4
 Dimensional Bullseye     Hex/Tloc       0%         N/A       100%        4
 Iskenderun's Mystic Bla  Conj/Tloc      2%         2d3       100%        4
 Vhi's Electric Charge    Tloc/Air       2%         N/A       100%        4
 Borgnjor's Vile Clutch   Necr/Erth      0%         N/A       100%        5
 Curse of Agony           Necr           1%         N/A       100%        5
 Freezing Cloud           Conj/Ice/Air   0%         6-21      100%        5
 Iskenderun's Battlesphe  Conj           3%         2d6       100%        5
 Lee's Rapid Deconstruct  Erth           0%         3d4*      100%        5
 Silence                  Hex/Air        0%         N/A       100%        5
 Bombard                  Conj/Erth      1%         9d1       100%        6
 Dispersal                Tloc           0%         N/A       100%        6
 Enfeeble                 Hex            0%         N/A       100%        7
 Borgnjor's Revivificati  Necr           0%         N/A       100%        8
 Maxwell's Capacitive Co  Air            0%         ∞         100%        8
 Death's Door             Necr           0%         N/A       100%        9
 Sting                    Conj/Alch      Unusable   1d3       N/A         1
 Mercury Vapours          Alch/Air       Unusable   N/A       N/A         2
 Call Canine Familiar     Summ           Unusable   N/A       N/A         3
 Mephitic Cloud           Conj/Alch/Air  Unusable   N/A       N/A         3
 Summon Ice Beast         Ice/Summ       Unusable   N/A       N/A         3
 Tukima's Dance           Hex            Unusable   N/A       N/A         3
 Volatile Blastmotes      Fire/Tloc      Unusable   2d10      N/A         3
 Fulminant Prism          Conj/Alch      Unusable   3d5       N/A         4
 Leda's Liquefaction      Alch/Erth      Unusable   N/A       N/A         4
 Olgreb's Toxic Radiance  Alch           Unusable   N/A       N/A         4
 Petrify                  Alch/Erth      Unusable   N/A       N/A         4
 Sticky Flame             Fire/Alch      Unusable   2d4       N/A         4
 Alistair's Intoxication  Alch           Unusable   N/A       N/A         5
 Fireball                 Conj/Fire      Unusable   3d3       N/A         5
 Irradiate                Conj/Alch      Unusable   3d12      N/A         5
 Eringya's Noxious Bog    Alch           Unusable   4d6       N/A         6
 Sculpt Simulacrum        Ice/Alch       Unusable   N/A       N/A         6
 Starburst                Conj/Fire      Unusable   6d3       N/A         6
 Summon Cactus Giant      Summ           Unusable   N/A       N/A         6
 Spellforged Servitor     Conj/Summ      Unusable   N/A       N/A         7
 Infestation              Necr           Unusable   N/A       N/A         8

Dungeon Overview and Level Annotations

Branches:
Dungeon (15/15)            Temple (0/1) D:5            Lair (5/5) D:9
  Swamp (4/4) Lair:3       Spider (4/4) Lair:2        Slime (0/5) Lair:5
    Orc (2/2) D:12            Elf (3/3) Orc:2        Vaults (5/5) D:14
  Crypt (0/3) Vaults:3     Depths (4/4) D:15            Zot (5/5) Depths:4
 Bailey (visited)         Gauntlet (visited)

Altars:
Elyvilon
Gozag
Nemelex Xobeh
Ru
Sif Muna
Uskayaw
Wu Jian
Zin
The Shining One
Lugonu

Shops:
D:2 =   D:3 *   D:5 *   D:8 =   D:12 [   D:14 *   Orc:2 =?:=   Elf:1 *
Elf:2 :   Vaults:3 [   Depths:2 ((   Depths:4 :

Portals:
Hell: Depths:1 Depths:2 Depths:3 Depths:4
Abyss: Lair:5 Swamp:2 Depths:1 Depths:2 Depths:3 Depths:4
Pandemonium: Depths:2 Depths:3
Ziggurat: Depths:4

Annotations:
D:13 3 runed translucent doors
Swamp:2 2 transporters, temujin's ghost, adept DjCj
Vaults:2 1 runed translucent door, Feagond's ghost, adept HOMo
Depths:3 2 transporters
Zot:5 1 exclusion


Innate Abilities, Weirdness & Mutations

You have a pair of horns on your head.
You are very clumsy. (Dex -4)
Your magical capacity is very low. (-20% MP)
You cannot be stealthy.
You are hated by all.
You cannot study or cast Fire magic.
You cannot study or cast Alchemy magic.
You cannot study or cast Summoning magic.
You take slightly more damage. (AC -5)
You have somewhat slow reflexes. (EV -5)
You reflexively headbutt those who attack you in melee.
You cannot voluntarily change form.
You sometimes lose your temper in combat.
Your mind is acute. (Int +4, Str/Dex -1)
A frigid envelope surrounds you and freezes all who hurt you.
You are robust. (+10% HP)
You sometimes lose the ability to read scrolls when taking damage.
You expend magic power (3 MP) to strengthen your wands.
You passively dampen the noise of your surroundings.


Message History

The balrug gestures at you. Something smites you!
A sun demon comes into view.
The balrug gestures at you. Something smites you! The balrug gestures at you.
Something smites you!
There is a stone staircase leading up here.
You block the sun demon's attack.
Your shield discharges, shocking the sun demon!
The sun demon resists.
You fly upwards.
There is a stone staircase leading down here.
What level of the Dungeon? (default 1, ? - help) HP restored.
There is a stone staircase leading up here.
You fly upwards.
There is a stone staircase leading down here.
There is a stone staircase leading up here.
You fly upwards.
There is a stone staircase leading down here.
There is a stone staircase leading up here.
You fly upwards.
There is a stone staircase leading down here.
There is a stone staircase leading up here.
You fly upwards.
There is a stone staircase leading down here.
There is a stone staircase leading up here.
You fly upwards.
There is a stone staircase leading down here.
There is an escape hatch in the ceiling here.
A mysterious force pulls you upwards. The hatch slams shut behind you.
You can't go up here!
Unknown command.
Unknown command.
Unknown command.
There is an open door here.
There is an open door here.
There is a staircase leading out of the dungeon here.
You have escaped!

#.##.# #.# #.##.###.#..# # .....#
#.# #..#.#[#.#..# # #....# #.#
#..#.#.#.#..### .....###.#
#.............. #........#
#.............. #.########
#.............. ......#
#[..........###
#...#.#♣♣♣♣♣♣♣♣♣♣♣#..........÷#
#...#.'.........@♣#...........#
....#.#♣.♣♣♣♣♣...♣#...........#
....#.#♣.♣P♣P....♣#...........#
....#.#♣.♣.....♣.♣#>..........###
...##.#♣....⌠.♣♣.♣#..............
...'..#♣♣♣....P♣.♣###'#+###......
...#### ♣♣..P♣♣.♣ #.#.###......
#### ♣♣.♣♣♣.♣ #.#.......... #
♣.....♣ #.#####......


There were no monsters in sight!

Vanquished Creatures
  5 dread liches
  An ancient lich (Zot:5)
  Frederick (Vaults:2)
  Mennas (Depths:4)
  4 orbs of fire
  Josephina (Zot:1)
  A royal mummy (Depths:2)
  A Killer Klown (Zot:5)
  A curse toe (Zot:4)
  the Lernaean hydra (Swamp:4)
  3 caustic shrikes (Depths:4)
  Margery (Vaults:1)
  5 golden dragons
  Jory (Vaults:2)
  Nikola (Depths:1)
  A Tzitzimitl (Zot:5)
  4 electric golems
  A Hell Sentinel (D:14)
  6 tentacled monstrosities
  A walking earthen tome (Depths:4)
  Mlioglotl (Swamp:4)
  22 Orb Guardians (Zot:5)
  3 quicksilver dragons
  6 sphinxes
  7 titans (Vaults:5)
  4 liches
  A searing wretch (Vaults:2)
  Asterion (Depths:1)
  2 deep elf blademasters (Elf:3)
  2 deep elf master archers (Elf:3)
  3 death cobs
  Agnes (Spider:1)
  Kirke (D:13)
  6 shadow dragons
  4 tengu reavers
  10 storm dragons
  2 protean progenitors (Zot:5)
  3 fenstrider witches
  Roxanne (Spider:1)
  2 draconian knights
  3 draconian monks
  A draconian scorcher (Depths:4)
  4 fire giants
  8 frost giants
  2 ghost moths
  3 deep elf elementalists (Elf:3)
  9 deep elf sorcerers
  25 vault wardens
  Louise (Swamp:4)
  3 emperor scorpions
  A draconian stormcaller (Zot:3)
  27 ironbound preservers
  A spectral caustic shrike (Depths:2)
  5 very ugly things
  3 orc warlords
  6 broodmothers
  10 stone giants
  8 ironbound thunderhulks
  A formless jellyfish (Vaults:4)
  2 draconian annihilators
  5 vampire knights
  7 deep elf demonologists
  A bunyip (Swamp:3)
  3 eleionomae
  2 green draconians
  2 black draconians
  4 purple draconians
  12 deep elf death magi
  5 red draconians
  6 deep elf annihilators (Elf:3)
  13 dire elephants
  2 minotaurs
  2 spectral titans (Depths:2)
  3 war gargoyles (Vaults:5)
  4 yellow draconians
  A white draconian (Depths:4)
  2 spark wasps (Depths:4)
  The ghost of lis82 the Frost Mage, a journeyman DgIE (D:13)
  12 ettins
  Azrael (Elf:1)
  2 entropy weavers (shapeshifter)
  10 entropy weavers
  4 mummy priests (Depths:2)
  6 fire dragons
  3 deep elf high priests (Elf:3)
  3 jiangshi (Depths:1)
  A spectral tengu (Depths:2)
  A spectral golden dragon (Depths:2)
  6 great orbs of eyes
  22 hydras
  34 vault guards
  16 yaktaur captains
  2 rakshasas (Depths:1)
  9 ice dragons
  A spectral sphinx (Depths:2)
  2 peacekeepers
  5 jorogumos
  2 catoblepae
  An ogre mage (Vaults:5)
  9 boulder beetles
  11 ironbound frosthearts
  A sphinx zombie (Depths:3)
  15 centaur warriors
  An anaconda (shapeshifter) (Vaults:5)
  3 radroaches
  8 alligators
  5 spriggan air magi
  5 deep troll shamans
  6 two-headed ogres
  An alligator (shapeshifter) (Vaults:5)
  21 dancing weapons
  A death knight (D:15)
  3 spectral fire giants (Depths:2)
  2 vampire magi
  9 tengu warriors
  A spectral frost giant (Depths:2)
  4 death yaks (Lair:3)
  11 deep troll earth magi
  6 orc high priests
  Urug (D:13)
  4 thrashing horrors (Lair:5)
  5 spriggan berserkers
  A spectral storm dragon (Depths:2)
  2 occultists (Depths:2)
  6 demonic crawlers
  A soul eater (Depths:3)
  A fire crab (shapeshifter) (D:13)
  8 hell knights
  A titan skeleton (Depths:3)
  18 deep elf knights
  15 iron trolls
  7 pharaoh ants
  2 skysharks (shapeshifter)
  2 sixfirhies
  5 skeletal warriors
  4 goliath frogs
  A sea snake (shapeshifter) (Vaults:5)
  3 skysharks
  3 spectral spark wasps (Depths:2)
  64 deep trolls
  4 flayed ghosts
  A spark wasp zombie (Depths:3)
  5 glowing orange brains
  6 bog bodies
  2 sun moths
  10 swamp dragons
  6 deep elf archers
  10 arcanists
  A spriggan druid (Swamp:3)
  An orange crystal statue (Depths:1)
  10 orb spiders
  2 obsidian statues
  A quicksilver dragon simulacrum (Zot:1)
  20 ironbound convokers
  5 steelbarb worms
  3 wolf spider zombies (Spider:4)
  A golden dragon skeleton (Vaults:3)
  13 lindwurms
  4 spectral wolf spiders (Spider:4)
  9 phantasmal warriors
  8 orc knights
  A tengu skeleton (Depths:3)
  An orc sorcerer (Elf:3)
  A spectral spriggan (Depths:2)
  22 deep elf pyromancers
  18 deep elf zephyrmancers
  9 necromancers
  A human zombie (Vaults:2)
  A fire giant zombie (Depths:3)
  60 ugly things
  3 cyclopes
  25 wolf spiders
  4 manticores
  10 elephants
  A large abomination (Lair:5)
  A cyclops (shapeshifter) (Elf:1)
  5 will-o-the-wisps
  A moth of wrath (shapeshifter) (D:12)
  A kobold blastminer (Orc:1)
  7 meliai
  A frost giant zombie (Depths:3)
  7 black mambas
  A black mamba (shapeshifter) (Vaults:5)
  A guardian serpent (shapeshifter) (D:15)
  An ice statue (Gauntlet)
  21 moths of wrath
  A stone giant skeleton (Vaults:3)
  7 torpor snails
  An eye of devastation (shapeshifter) (Vaults:5)
  3 smoke demons (Lair:5)
  27 vault sentinels
  3 gargoyles
  2 eyes of devastation (Zot:5)
  8 cane toads
  An unseen horror (D:12)
  5 kobold demonologists
  A minotaur zombie (Gauntlet)
  5 rime drakes
  9 komodo dragons
  36 yaktaurs
  An efreet (D:15)
  A freezing wraith (Vaults:5)
  An unseen horror (shapeshifter) (Lair:5)
  A yaktaur (shapeshifter) (Lair:5)
  4 tengu conjurers
  Jeremiah (D:7)
  8 guardian mummies (Depths:2)
  A spectral glowing shapeshifter (Depths:2)
  4 wolf spider simulacra (Spider:4)
  A bloated husk (Swamp:3)
  A shadow dragon simulacrum (Zot:1)
  A queen bee (D:15)
  4 polar bears (Lair:5)
  16 tarantellas
  8 trolls
  11 tyrant leeches
  9 hornets
  9 dream sheep
  A fire giant simulacrum (Vaults:2)
  2 wind drakes (shapeshifter) (Elf:1)
  A dream sheep (shapeshifter) (Elf:1)
  5 raiju (Lair:5)
  16 blink frogs
  An ettin zombie (Vaults:3)
  A draconian simulacrum (Zot:1)
  21 culicivoras
  5 air elementals
  A human (D:13)
  9 spriggans
  A spriggan (shapeshifter) (Lair:5)
  6 water elementals
  38 jumping spiders
  4 wyverns
  26 slime creatures
  3 vampires
  3 hogs (D:13)
  65 yaks
  A basilisk (shapeshifter) (D:15)
  7 basilisks
  2 steam dragons
  5 fire elementals
  2 wargs (Orc:2)
  58 redbacks
  A human simulacrum (Vaults:3)
  6 vampire mosquitoes
  A catoblepas simulacrum (Lair:2)
  3 golden eyes (Depths:2)
  A death yak simulacrum (Lair:2)
  Menkaure (D:6)
  13 swamp worms
  2 acid dragons
  15 water moccasins
  2 hell hounds
  2 hydra simulacra (Lair:2)
  A glowing shapeshifter skeleton (Vaults:2)
  An ice beast (D:6)
  The ghost of raetorn the Changeling, an amateur OnSh of Wu Jian (D:6)
  47 orc warriors
  2 black mamba simulacra (Lair:2)
  9 ogres
  9 swamp drakes
  A black bear (D:8)
  A boulder beetle simulacrum (Lair:2)
  6 centaurs
  4 wolves (Lair:4)
  3 phantoms (D:5)
  10 kobold brigands
  10 bullfrogs
  2 earth elementals
  12 small abominations (Lair:5)
  2 scorpions
  8 wights
  A dream sheep simulacrum (Lair:2)
  37 killer bees
  5 howler monkeys
  An electric eel (Lair:5)
  A bombardier beetle (D:5)
  A lava snake (Lair:3)
  2 hounds (D:6)
  31 orc priests
  2 iguanas
  22 orc wizards
  A sleepcap (D:7)
  3 gnolls (D:4)
  9 adders
  A shadow imp (Gauntlet)
  3 white imps
  3 dart slugs
  2 ribbon worms
  77 orcs
  8 ball pythons
  4 bats
  6 endoplasms
  6 giant cockroaches
  10 goblins
  8 hobgoblins
  4 quokkas
  A frilled lizard (D:1)
  27 kobolds
  9 rats
  2 aspiring fleshes (Zot:5)
  A spectral weapon (Depths:1)
2006 creatures vanquished.

Vanquished Creatures (others)
  Rupert (Spider:1)
  3 Orb Guardians (Zot:5)
  2 quicksilver dragons
  A protean progenitor (Depths:4)
  A thorn hunter (Swamp:4)
  A reaper (Depths:3)
  A deep elf death mage (Elf:3)
  A black draconian (Zot:5)
  An eleionoma (Swamp:3)
  A deep elf annihilator (Elf:3)
  The ghost of raetorn the Thaumaturge, a journeyman OnAE of Vehumet (Lair:2)
  An ice dragon (Depths:2)
  2 hydras
  An ironbound frostheart (Vaults:1)
  A dancing weapon (Elf:1)
  A deep troll shaman (Depths:3)
  A hell knight (Depths:1)
  2 deep trolls
  A bog body (Swamp:2)
  2 wolf spiders (Spider:3)
  An elephant (Lair:5)
  A bloated husk (Swamp:3)
  A tarantella (Spider:4)
  2 tyrant leeches
  A slime creature (Vaults:1)
  An air elemental (Elf:2)
  A spriggan (Swamp:3)
  A warg (Elf:1)
  A green draconian simulacrum (Zot:1)
  2 hell hounds (Elf:2)
  A sky beast (D:7)
  A killer bee (D:9)
  22 foxfires
62 creatures vanquished.

Grand Total: 2068 creatures vanquished

Notes
Turn   | Place    | Note
-------+----------+-------------------------------------------
     0 | D:1      | GordonOverkill the Minotaur Alchemist began the quest for
                  | the Orb.
     0 | D:1      | Reached XP level 1. HP: 14/14 MP: 1/1
    60 | D:1      | Reached skill level 1 in Fighting
   232 | D:1      | Reached XP level 2. HP: 20/24 MP: 3/3
   957 | D:2      | Reached skill level 1 in Axes
   957 | D:2      | Reached XP level 3. HP: 25/31 MP: 4/4
  1575 | D:2      | Reached XP level 4. HP: 38/38 MP: 5/5
  1627 | D:2      | Found Cautiam's Jewellery Shoppe.
  2055 | D:2      | Found a faded altar of an unknown god.
  2173 | D:2      | Prayed at the altar of an unknown god.
  2173 | D:2      | Became a worshipper of Ru the Awakened
  2178 | D:2      | Gained mutation: You cannot study or cast Fire magic. [Ru
                  | sacrifice]
  2178 | D:2      | Gained mutation: You cannot study or cast Alchemy magic.
                  | [Ru sacrifice]
  2178 | D:2      | Gained mutation: You cannot study or cast Summoning magic.
                  | [Ru sacrifice]
  2178 | D:2      | Reached * piety under Ru
  2237 | D:3      | Found a hide-covered altar of Uskayaw.
  2237 | D:3      | Found a sacrificial altar of Ru.
  2761 | D:3      | Found Qairum's Assorted Antiques.
  3273 | D:4      | Reached XP level 5. HP: 38/45 MP: 6/6
  3435 | D:4      | Found a shimmering blue altar of Sif Muna.
  3479 | D:4      | Reached skill level 5 in Axes
  3658 | D:4      | Identified the +2 cloak of the Evening {rC++ Str+3 Dex-2}
  3888 | D:4      | Reached XP level 6. HP: 51/51 MP: 7/7
  4132 | D:5      | Entered Level 5 of the Dungeon
  4345 | D:5      | Found Kuess's Assorted Antiques.
  4366 | D:5      | Found a staircase to the Ecumenical Temple.
  4715 | D:5      | Reached XP level 7. HP: 57/57 MP: 8/8
  5486 | D:6      | Found a blossoming altar of Fedhas.
  5558 | D:6      | Noticed a cyclops
  5571 | D:6      | Killed a cyclops
  5572 | D:6      | Reached skill level 10 in Axes
  5572 | D:6      | Reached XP level 8. HP: 45/63 MP: 9/9
  5959 | D:6      | Noticed Menkaure
  6114 | D:6      | Found an opulent altar of Gozag.
  6715 | D:6      | Found a large runed translucent door.
  6715 | D:6      | Found a large runed translucent door.
  6723 | D:6      | Noticed raetorn's ghost (amateur OnSh)
  6936 | D:7      | Noticed a hornet
  6949 | D:7      | Reached XP level 9. HP: 53/69 MP: 10/10
  7107 | D:7      | Found a flagged portal.
  7143 | Bailey   | Entered a bailey
  7369 | Bailey   | Reached skill level 1 in Throwing
  7452 | Bailey   | Found an iron altar of Okawaru.
  7889 | D:7      | Noticed Jeremiah
  8229 | D:7      | Found a glowing silver altar of Zin.
  8269 | D:7      | Found a hazy altar of Hepliaklqana.
  8396 | D:8      | Reached skill level 15 in Axes
  9024 | D:8      | Noticed a boulder beetle
  9025 | D:8      | Found Amochuta's Jewellery Boutique.
  9046 | D:8      | Killed a boulder beetle
  9047 | D:8      | Reached XP level 10. HP: 51/77 MP: 11/11
  9744 | D:9      | Gained mutation: You are hated by all. [Ru sacrifice]
  9744 | D:9      | Reached ** piety under Ru
  9806 | D:9      | Found a sparkling altar of Nemelex Xobeh.
 10002 | D:9      | Reached skill level 5 in Fighting
 10261 | D:9      | Found a staircase to the Lair.
 10382 | D:9      | Reached skill level 5 in Armour
 10663 | D:9      | Reached XP level 11. HP: 89/94 MP: 10/12
 10788 | D:10     | Entered Level 10 of the Dungeon
 10871 | D:10     | Reached skill level 1 in Evocations
 10952 | D:10     | Noticed a two-headed ogre
 10962 | D:10     | Killed a two-headed ogre
 11150 | D:10     | Found a glowing golden altar of the Shining One.
 11233 | D:10     | Found an ornate altar of the Wu Jian Council.
 11572 | D:11     | Noticed a brown ugly thing
 11590 | D:11     | Killed a brown ugly thing
 11725 | D:11     | Noticed a two-headed ogre
 11731 | D:11     | Killed a two-headed ogre
 11813 | D:11     | Gained mutation: You cannot voluntarily change form. [Ru
                  | sacrifice]
 12361 | D:12     | Found Domu's Armour Boutique.
 12363 | D:12     | Found a staircase to the Orcish Mines.
 12378 | D:12     | Gained mutation: You sometimes lose your temper in combat.
                  | [a neqoxec]
 12537 | D:12     | Noticed a sixfirhy
 12549 | D:12     | Noticed a sixfirhy
 12732 | D:12     | Noticed a two-headed ogre
 12757 | D:12     | Killed a two-headed ogre
 13202 | D:12     | Noticed a sphinx
 13219 | D:12     | Killed a sphinx
 13220 | D:12     | Reached XP level 12. HP: 73/101 MP: 8/13
 13386 | D:12     | Gained mutation: You occasionally lose the ability to drink
                  | potions when taking damage. [a shining eye]
 13387 | D:12     | Gained mutation: You passively dampen the noise of your
                  | surroundings. [a shining eye]
 13388 | D:12     | Gained mutation: A frigid envelope surrounds you and
                  | freezes all who hurt you. [a shining eye]
 13397 | D:12     | Noticed a boulder beetle
 13418 | D:12     | Killed a boulder beetle
 13570 | D:12     | Noticed a two-headed ogre
 13713 | D:12     | Killed a two-headed ogre
 14456 | D:12     | Noticed a two-headed ogre
 14463 | D:12     | Killed a two-headed ogre
 14515 | D:12     | Noticed a boulder beetle
 14524 | D:12     | Killed a boulder beetle
 14525 | D:12     | Reached skill level 10 in Fighting
 14976 | Lair:1   | Entered Level 1 of the Lair of Beasts
 15231 | Lair:1   | You fall into a shaft and drop 1 floor!
 15293 | Lair:1   | Reached XP level 13. HP: 94/118 MP: 11/14
 15410 | Lair:1   | Reached skill level 5 in Throwing
 16048 | Lair:2   | Found a hole to the Spider Nest.
 16065 | Lair:2   | Found a runed translucent gate.
 16065 | Lair:2   | Found a runed translucent gate.
 16435 | Lair:2   | Found a runed translucent gate.
 16436 | Lair:2   | Noticed raetorn's ghost (journeyman OnAE)
 16907 | Lair:2   | Killed raetorn's ghost
 17630 | Lair:3   | Reached skill level 10 in Throwing
 17704 | Lair:3   | Gained mutation: You have somewhat slow reflexes. (EV -5)
                  | [Ru sacrifice]
 17704 | Lair:3   | Reached *** piety under Ru
 18049 | Lair:3   | Found a staircase to the Swamp.
 18763 | Lair:4   | Reached XP level 14. HP: 118/126 MP: 13/15
 19359 | Lair:5   | Entered Level 5 of the Lair of Beasts
 19532 | Lair:5   | Reached skill level 10 in Armour
 20123 | Lair:5   | Found a staircase to the Slime Pits.
 21017 | Lair:5   | Found the +5 Storm Queen's Shield {shock, Fly rElec}
 21018 | Lair:5   | Found a corrupted altar of Lugonu.
 21018 | Lair:5   | Found a one-way gate to the infinite horrors of the Abyss.
 21623 | D:6      | Found an opulent altar of Gozag.
 21655 | D:6      | Found a large runed translucent door.
 21655 | D:6      | Found a large runed translucent door.
 21808 | D:6      | Killed Menkaure
 22234 | D:6      | Killed raetorn's ghost
 22303 | D:7      | Killed Jeremiah
 22471 | D:7      | Found a glowing silver altar of Zin.
 22937 | D:13     | Noticed lis82's ghost (journeyman DgIE)
 22962 | D:13     | Found a runed translucent door.
 22983 | D:13     | Noticed Urug
 22991 | D:13     | Killed Urug
 22992 | D:13     | Found a runed translucent door.
 23114 | D:13     | Found a runed translucent gate.
 23114 | D:13     | Found a runed translucent gate.
 23114 | D:13     | Found a runed translucent gate.
 23123 | D:13     | Noticed Kirke
 23263 | D:13     | Killed Kirke
 23285 | D:13     | Found a runed translucent door.
 23421 | D:13     | Found a runed translucent door.
 24220 | D:13     | Killed lis82's ghost
 24221 | D:13     | Reached XP level 15. HP: 117/132 MP: 11/16
 24469 | D:14     | Reached skill level 15 in Throwing
 24605 | D:14     | Found a gate leading to a gauntlet.
 24615 | Gauntlet | Entered a Gauntlet
 24615 | Gauntlet | Found a transporter.
 24615 | Gauntlet | Found a transporter.
 24706 | Gauntlet | Found a transporter.
 24709 | Gauntlet | Found a transporter.
 24709 | Gauntlet | Found a transporter.
 24724 | Gauntlet | Found a transporter.
 24727 | Gauntlet | Found a transporter.
 24732 | Gauntlet | Found a transporter.
 24743 | Gauntlet | Found a transporter.
 24757 | Gauntlet | Found a transporter.
 24765 | Gauntlet | Found a transporter.
 24784 | Gauntlet | Found a transporter.
 25356 | Gauntlet | Found the +3 Elemental Staff {ele, rElec rF+ rC+ AC+3}
 25364 | Gauntlet | Got the Almanac of Ozone
 25364 | Gauntlet | Got Xicies's Vellum of Feathery Power
 25384 | Gauntlet | Identified the +0 trident "Death Rattle" {antimagic, rPois
                  | Str+5 Stlth+}
 25420 | D:14     | Identified the +2 leather armour of Untas {rElec rC+}
 25603 | D:14     | Found Aphu's General Store.
 25616 | D:14     | Bought a scroll of enchant weapon for 105 gold pieces
 25789 | D:14     | Found a gate to the Vaults.
 25910 | D:14     | Reached skill level 15 in Fighting
 26262 | D:15     | Entered Level 15 of the Dungeon
 26946 | D:15     | Found a white marble altar of Elyvilon.
 27428 | D:15     | Found a staircase to the Depths.
 27435 | D:15     | Reached skill level 5 in Dodging
 27890 | Orc:1    | Entered Level 1 of the Orcish Mines
 28441 | Orc:2    | Entered Level 2 of the Orcish Mines
 29260 | Orc:2    | Reached XP level 16. HP: 98/151 MP: 17/17
 30557 | Orc:2    | Found a staircase to the Elven Halls.
 31026 | Orc:2    | Found Nepp's Jewellery Shoppe.
 31029 | Orc:2    | Found Imien's Book Shoppe.
 31030 | Orc:2    | Found Naenn's Jewellery Shoppe.
 31031 | Orc:2    | Found Quokh's Magic Scroll Emporium.
 31039 | Orc:2    | Bought a scroll of teleportation for 45 gold pieces
 31039 | Orc:2    | Bought a scroll of teleportation for 45 gold pieces
 31039 | Orc:2    | Bought a scroll of teleportation for 45 gold pieces
 31039 | Orc:2    | Bought 2 scrolls of enchant weapon for 225 gold pieces
 31210 | D:8      | Bought the ring "Motak" {rPois rF+} for 543 gold pieces
 31286 | Spider:1 | Entered Level 1 of the Spider Nest
 31390 | Spider:1 | Noticed Roxanne
 31909 | Spider:1 | Killed Roxanne
 32236 | Spider:1 | Gained mutation: You cannot be stealthy. [Ru sacrifice]
 32236 | Spider:1 | Reached **** piety under Ru
 32398 | Spider:1 | Reached skill level 10 in Dodging
 32459 | Spider:1 | Reached skill level 1 in Shields
 32765 | Spider:1 | Noticed Agnes
 32776 | Spider:1 | Killed Agnes
 32777 | Spider:1 | Reached skill level 5 in Shields
 33179 | Spider:1 | Noticed Rupert
 33198 | Spider:1 | Killed Rupert
 35293 | Spider:3 | Reached skill level 10 in Shields
 36443 | Spider:3 | Reached XP level 17. HP: 115/155 MP: 18/18
 37684 | Spider:4 | Entered Level 4 of the Spider Nest
 39764 | Spider:3 | Reached skill level 15 in Shields
 40993 | Spider:4 | Gained mutation: You take slightly more damage. (AC -5) [Ru
                  | sacrifice]
 40993 | Spider:4 | Reached ***** piety under Ru
 41407 | Spider:4 | Got a gossamer rune of Zot
 41414 | Spider:4 | Identified the +2 hat "Rojuplec" {rC- Regen+ rCorr Dex+2}
 42151 | Swamp:1  | Entered Level 1 of the Swamp
 42843 | Swamp:2  | Reached skill level 1 in Maces & Flails
 43012 | Swamp:2  | Noticed temujin's ghost (adept DjCj)
 43028 | Swamp:2  | Noticed a tentacled monstrosity
 43049 | Swamp:2  | Found a transporter.
 43053 | Swamp:2  | Found a transporter.
 43635 | Swamp:3  | Found a hide-covered altar of Uskayaw.
 43647 | Swamp:2  | Reached skill level 5 in Maces & Flails
 44133 | Swamp:3  | Reached XP level 18. HP: 134/166 MP: 19/19
 44215 | Swamp:3  | Paralysed by a fenstrider witch for 3 turns
 44412 | Swamp:4  | Entered Level 4 of the Swamp
 44412 | Swamp:4  | Noticed Mlioglotl
 44463 | Swamp:4  | Killed Mlioglotl
 45203 | Swamp:4  | Noticed the 27-headed Lernaean hydra
 45212 | Swamp:4  | Killed the 27-headed Lernaean hydra
 45328 | Swamp:4  | Got a decaying rune of Zot
 45417 | Swamp:4  | Noticed Louise
 45427 | Swamp:4  | Killed Louise
 46386 | Vaults:1 | Entered Level 1 of the Vaults
 48574 | Vaults:2 | Reached XP level 19. HP: 184/184 MP: 20/20
 48640 | Vaults:2 | Noticed Margery
 48676 | Vaults:1 | Killed Margery
 48761 | Vaults:2 | Gained mutation: You are clumsy. (Dex -2) [Ru sacrifice]
 48914 | Vaults:2 | Noticed Feagond's ghost (adept HOMo)
 48915 | Vaults:2 | Found a runed translucent door.
 48994 | Vaults:2 | Identified the orb of Qazlal's Hope {*channel, rN+ Will-
                  | rCorr Int+4}
 48994 | Vaults:2 | Noticed Frederick
 49004 | Vaults:2 | Killed Frederick
 49568 | Vaults:2 | Noticed Jory
 49819 | Vaults:2 | You are sucked into a shaft and drop 2 floors!
 50402 | Vaults:3 | Found a staircase to the Crypt.
 50558 | Vaults:3 | Gained mutation: Your magical capacity is low. (-10% MP)
                  | [Ru sacrifice]
 51701 | Vaults:3 | Found Fixair's Armour Shop.
 51716 | Vaults:3 | Bought a +2 pair of boots of flying for 494 gold pieces
 52223 | Vaults:2 | Reached XP level 20. HP: 192/193 MP: 18/18
 52826 | Vaults:2 | Killed Jory
 53161 | Vaults:4 | Reached skill level 15 in Armour
 54866 | Depths:1 | Entered Level 1 of the Depths
 55585 | Depths:1 | Found an opulent altar of Gozag.
 55743 | Depths:1 | Identified a scroll of acquirement
 55744 | Depths:1 | Acquired the +8 crystal plate armour of the Disturbing
                  | Visions {rPois rF- Str+3}
 55776 | Depths:1 | Noticed Nikola
 55810 | Depths:1 | Killed Nikola
 55833 | Depths:1 | Reached XP level 21. HP: 149/203 MP: 19/19
 56123 | Depths:1 | Found a gateway to Hell.
 56212 | Depths:1 | Noticed Asterion
 56222 | Depths:1 | Killed Asterion
 56355 | Depths:1 | Found a gateway to a bazaar.
 56628 | Depths:1 | Found an opulent altar of Gozag.
 57088 | Depths:1 | Found a gateway to Hell.
 57278 | Depths:1 | Found a gateway to a bazaar.
 57285 | Bazaar   | Entered a bazaar
 57285 | Bazaar   | Found Keomon's Antique Armour Boutique.
 57289 | Bazaar   | Found Qoak's Jewellery Shoppe.
 57313 | Bazaar   | Found Ushro's Jewellery Shop.
 57318 | Bazaar   | Found Axkygi's Armour Boutique.
 57328 | Bazaar   | Found Kowkop Eschu's Armour Emporium.
 57363 | Bazaar   | Bought a pair of twisted boots for 256 gold pieces
 57363 | Bazaar   | Identified the +0 pair of boots "Gyisius" {Slay+2} (You
                  | bought it in a shop in a bazaar)
 57363 | Bazaar   | Bought a pair of glowing gloves for 202 gold pieces
 57408 | Bazaar   | Bought the +9 storm dragon scales of Wu Jian's Favour
                  | {rElec rF+ Will+} for 1290 gold pieces
 57870 | Depths:2 | Found Una Meh's Weapon Shop.
 57897 | Depths:2 | Found Tebraosm's Antique Weapon Boutique.
 58123 | Depths:2 | Gained mutation: Your magical capacity is very low. (-20%
                  | MP) [Ru sacrifice]
 58123 | Depths:2 | Reached ****** piety under Ru
 58613 | Depths:2 | Found a one-way gate leading to the halls of Pandemonium.
 59130 | Depths:2 | Noticed a royal mummy
 60017 | Depths:2 | Killed a royal mummy
 60448 | Depths:3 | Found a transporter.
 60538 | Depths:3 | Noticed a dread lich
 60577 | Depths:3 | Killed a dread lich
 60688 | Depths:3 | Got the Compendium of the Last Hosts
 60741 | Depths:3 | Found a corrupted altar of Lugonu.
 61162 | Depths:3 | Reached XP level 22. HP: 172/213 MP: 18/18
 61554 | Depths:3 | Found a transporter.
 61786 | Depths:4 | Entered Level 4 of the Depths
 62041 | Depths:4 | Got The Lost Archive of the Archmaster
 62602 | Depths:4 | Found a one-way gateway to a ziggurat.
 62635 | Depths:4 | Found Otroezes's Tremendous Tomes.
 62653 | Depths:4 | Noticed a caustic shrike
 62661 | Depths:4 | Killed a caustic shrike
 62787 | Depths:4 | Noticed a caustic shrike
 62787 | Depths:4 | Noticed a caustic shrike
 62796 | Depths:4 | Killed a caustic shrike
 62803 | Depths:4 | Killed a caustic shrike
 62866 | Depths:4 | Found a gate to the Realm of Zot.
 63005 | Depths:4 | Noticed a golden dragon
 63015 | Depths:4 | Killed a golden dragon
 63435 | Depths:4 | Noticed Mennas
 63451 | Depths:4 | Killed Mennas
 64053 | Elf:1    | Entered Level 1 of the Elven Halls
 64107 | Elf:1    | Found Tijumueg's Assorted Antiques.
 64609 | Elf:1    | Bought a potion of heal wounds for 195 gold pieces
 64609 | Elf:1    | Bought a scroll of blinking for 292 gold pieces
 64609 | Elf:1    | Bought a scroll of enchant weapon for 292 gold pieces
 64609 | Elf:1    | Bought a potion of haste for 390 gold pieces
 64639 | Elf:2    | Paralysed by an air elemental for 1 turns
 64643 | Elf:2    | Noticed Azrael
 64695 | Elf:1    | Killed Azrael
 64828 | Elf:2    | Found Tuyrip's Book Emporium.
 65378 | Elf:2    | Found a runed translucent gate.
 65379 | Elf:2    | Found a runed translucent gate.
 65380 | Elf:2    | Found a runed translucent gate.
 66329 | Elf:3    | Entered Level 3 of the Elven Halls
 66778 | Elf:3    | Identified the +2 robe of Undesirable Species {Rampage
                  | SInv}
 66938 | Elf:3    | Found the ring of the Octopus King {HP+2 MP+9 AC+2 EV+2
                  | SH+2}
 67292 | Elf:3    | Identified the ring of the Scarab {Wiz rC+ Dex+2}
 67296 | Elf:3    | Reached XP level 23. HP: 223/223 MP: 19/19
 67548 | Elf:3    | Identified the +0 shortbow of Urat {elec, rCorr Int+3 Dex-5
                  | Stlth+}
 67560 | Elf:3    | Identified the +8 trident of the Onslaught {antimagic, rC+}
 67597 | Elf:3    | Got the Anthology of the Gathered Compass
 68269 | Elf:3    | Paralysed by an air elemental for 1 turns
 68273 | Elf:3    | Paralysed by an air elemental for 1 turns
 68662 | Vaults:5 | Entered Level 5 of the Vaults
 68762 | Vaults:5 | Identified the amulet of Uskayaw's Hope {Reflect Rampage
                  | Fly Str-4 Dex+2 SH+5}
 69223 | Vaults:5 | Reached skill level 15 in Dodging
 69705 | Vaults:5 | Identified the +0 storm dragon scales "Wuxiveil" {Harm
                  | +Blink rElec Will+++ Stlth-}
 69965 | Vaults:5 | Identified the +1 rapier of the Lurker {speed, rF- Int+6}
 70163 | Vaults:5 | Identified the staff "Gekhleid" {Int+2 Earth}
 70220 | Vaults:5 | Identified the staff of Ettin {Int+3 Earth}
 70435 | Vaults:5 | Reached XP level 24. HP: 104/200 MP: 12/19
 70499 | Vaults:5 | Got a silver rune of Zot
 70950 | Vaults:5 | Lost mutation: You sometimes lose your temper in combat.
                  | [potion of mutation]
 70950 | Vaults:5 | Lost mutation: You occasionally lose the ability to drink
                  | potions when taking damage. [potion of mutation]
 70950 | Vaults:5 | Gained mutation: Your mind is acute. (Int +4, Str/Dex -1)
                  | [potion of mutation]
 70950 | Vaults:5 | Gained mutation: You expend magic power (3 MP) to
                  | strengthen your wands. [potion of mutation]
 70950 | Vaults:5 | Gained mutation: You are robust. (+10% HP) [potion of
                  | mutation]
 70966 | Vaults:5 | Identified the +11 crystal plate armour of Joruedogh {rPois
                  | Dex+3}
 71492 | Zot:1    | Entered Level 1 of the Realm of Zot
 71532 | Zot:1    | Identified the ring of Entrepreneurial Spirit {Ice rElec
                  | rCorr Int+5 Dex-4}
 71532 | Zot:1    | Noticed Josephina
 71533 | Zot:1    | Noticed an orb of fire
 71540 | Zot:1    | Gained mutation: You sometimes lose your temper in combat.
                  | [an orb of fire]
 71545 | Zot:1    | Gained mutation: You are very clumsy. (Dex -4) [an orb of
                  | fire]
 71551 | Zot:1    | Killed an orb of fire
 71568 | Zot:1    | Killed Josephina
 72345 | Zot:5    | Entered Level 5 of the Realm of Zot
 73507 | Zot:5    | Noticed a dread lich
 74025 | Zot:2    | Identified the ring "Yclor" {Wiz rF+ Int+5}
 74165 | Zot:5    | Killed a dread lich
 74381 | Zot:5    | Noticed a dread lich
 74381 | Zot:5    | Noticed an orb of fire
 74577 | Zot:5    | Killed a dread lich
 75022 | Zot:5    | Gained mutation: You occasionally lose the ability to read
                  | scrolls when taking damage. [an orb of fire]
 75044 | Zot:5    | Killed an orb of fire
 75126 | Zot:5    | Noticed an ancient lich
 75146 | Zot:5    | Killed an ancient lich
 75265 | Zot:5    | Noticed an orb of fire
 75280 | Zot:5    | Gained mutation: You sometimes lose the ability to read
                  | scrolls when taking damage. [an orb of fire]
 75282 | Zot:5    | Killed an orb of fire
 75311 | Zot:5    | Noticed an orb of fire
 75315 | Zot:5    | Noticed a Killer Klown
 75324 | Zot:5    | Noticed an orb of fire
 75325 | Zot:5    | Killed an orb of fire
 75565 | Zot:5    | Noticed a dread lich
 75733 | Zot:5    | Killed a Killer Klown
 76032 | Zot:5    | Noticed an ancient lich
 76032 | Zot:5    | Noticed a dread lich
 76050 | Zot:5    | Noticed a dread lich
 76065 | Zot:5    | Killed a dread lich
 76065 | Zot:5    | Noticed a Killer Klown
 76125 | Zot:5    | Paralysed by a dread lich for 2 turns
 76130 | Zot:5    | Killed a dread lich
 76131 | Zot:5    | Reached XP level 25. HP: 278/278 MP: 19/19
 76981 | Zot:5    | Got the Orb of Zot
 77474 | D:$      | Escaped with the Orb!

Illustrated notes

Levels and vault maps discovered:
D:1:      psy_arrival_fountain, layout_basic, grunt_decor_fettered
D:2:      layout_loops_corners, hellmonk_ecumenical_altar_leap_of_faith,
          serial_shops, nicolae_shop_gibbet_a_chance, minmay_shallow_snake_nest
D:3:      layout_basic, mainiacjoe_overflow_divided_tiny, serial_shops,
          nicolae_shop_overgrown_old_shop
D:4:      layout_basic, nicolae_overflow_crystal_walls, serial_forest,
          infiniplex_forest_end_2, infiniplex_forest_lined_ring,
          infiniplex_forest_straight_3, infiniplex_forest_clump_tiny,
          infiniplex_forest_straight_4, infiniplex_forest_lined_2,
          infiniplex_forest_straight_2, infiniplex_forest_straight_2,
          infiniplex_forest_zigzag_1
D:5:      layout_layer_cave, minmay_temple_entry_trees, serial_shops,
          nicolae_shop_rolling_square, chequers_jeans, minivault_11,
          serial_bayou_pond_a
D:6:      layout_cave_pods, fedhas_altar_2, mainiacjoe_overflow_surrounded_room,
          ebering_ghost_disaster_area, uniq_menkaure
D:7:      layout_cave_pools, zin_statuary, kennysheep_mini, enter_bailey_5,
          serial_column_ruins, column_ruins_square_medium,
          column_ruins_courtyard_long, column_ruins_grid_1,
          column_ruins_columns_straight, column_ruins_grid_2, uniq_jeremiah
D:8:      layout_layer_cave, serial_shops, nicolae_square_shop,
          minmay_misc_feat_x
D:9:      layout_stronghold, nemelex_spade_bored_becter, david_lair_shrubbed,
          hangedman_abyss_or_decor_stagger
D:10:     layout_roguey, tso_oasis_becter, kennysheep_little_box
D:11:     layout_roguey
D:12:     nzn_winding_woodlands_three_and_one
          [nzn_winding_woodlands_5x15_sawtooth,
          nzn_winding_woodlands_5x15_twine, nzn_winding_woodlands_5x15_pool,
          nzn_winding_woodlands_center_pierced_h], layout_loops_corners,
          orc_david_3
D:13:     layout_roguey, maelrawn_ghost_gauntlet_escape,
          minmay_statue_crystal_thing, uniq_urug, uniq_kirke
D:14:     layout_cave_pools, skrybe_vaults_entry_preservation,
          gauntlet_entry_generic, dreamdust_mushroom_princess, serial_shops,
          shop
D:15:     hellmonk_depths_entry_around_the_bend, layout_basic, elyvilon_altar_1,
          special_room [special_room_bee]
Lair:1:   layout_regular_city
Lair:2:   layout_misc_corridors, nicolae_spider_entry_lesser_pyramids,
          gammafunk_ghost_necromancy, nicolae_quartered_pool_super
Lair:3:   layout_gridlike, skrybe_swamp_entry_bodies
Lair:4:   layout_layer_cave, infiniplex_staircase_pool_2, serial_bayou_shore_a,
          grunt_megastairs_4
Lair:5:   hellmonk_lair_end_abyssal_woods, layout_regular_city,
          dpeg_slime_entry_enclosed, serial_bayou_ford_a,
          infiniplex_staircase_pool, grunt_megastairs_5, lemuel_fruit_tree
Swamp:1:  layout_basic_swamp, nicolae_swamp_little_tower
Swamp:2:  layout_basic_swamp, gammafunk_ghost_abyssal_escape, serial_swamp_ruin,
          evilmike_swamp_ruin_rubble_1, evilmike_swamp_ruin_house_1
Swamp:3:  layout_falls_marsh, lemuel_altar_in_water, cheibrodos_swamp_witchery
Swamp:4:  swamp_old_school, layout_basic_swamp,
          nicolae_swamp_decorative_isthmus, uniq_mlioglotl, uniq_louise
Spider:1: layout_chambers, drop_trap, uniq_rupert, uniq_roxanne, uniq_agnes
Spider:2: layout_spider_delve, drop_trap
Spider:3: layout_chambers
Spider:4: hellmonk_spider_rune_endless_swarm, nicolae_spider_undead_wolf_pack
Orc:1:    layout_caves
Orc:2:    st_orc_pillars, layout_caves
Elf:1:    layout_rooms, serial_shops, nicolae_shop_tiny_statue_garden,
          nicolae_elf_shapeshifter_party
Elf:2:    elven_hall_of_blades_hangedman_original
          [nicolae_blade_entry_area_security], layout_gridlike, serial_shops,
          shop, uniq_azrael
Elf:3:    grunt_elf_hall_spiral, layout_gridlike, nrook_mini_backslash
Vaults:1: ontoclasm_vaults_claustrophobia, nicolae_vaults_network_barrier,
          ontoclasm_vaults_decontamination,
          nicolae_vaults_doubleplus_tesselated, nicolae_vaults_more_shelving_1,
          hangedman_vaults_stream, ontoclasm_vaults_chip,
          ontoclasm_vaults_loading_screen, vaults_dpeg_encased_lava,
          nicolae_vaults_six-pack, nicolae_vaults_apartment_2,
          layout_vaults_omnicross
Vaults:2: ebering_ghost_inner_flame, nicolae_vaults_sesquioval_fish, st_star,
          v_misc_29, vaults_mumra_hex, v_misc_23, ontoclasm_vaults_spin,
          nicolae_vaults_yaktaur_gun_rack, nicolae_vaults_two_Ls,
          nicolae_vaults_tetromino_L_1, nicolae_vaults_mini_display_case,
          nicolae_vaults_tetromino_Z_1, layout_vaults_chaotic_city,
          uniq_frederick, uniq_margery, uniq_jory
Vaults:3: v_misc_31, v_pattern_1, v_alt_pattern_5,
          nicolae_vaults_taking_the_gang_shopping,
          minmay_crypt_entry_nasty_monster, vaults_room_door_hall,
          nicolae_vaults_closet_pinwheel_3, layout_vaults_omnigrid
Vaults:4: nicolae_vaults_trapezoid_lopsided_4, ontoclasm_vaults_ring_large,
          dpeg_vaults_monster_row, nicolae_vaults_big_ls,
          nicolae_vaults_sightless_eye, ontoclasm_vaults_shuriken,
          vaults_dpeg_cross, nicolae_vaults_meiosis, v_misc_28,
          nicolae_vaults_offset_grid_hallway_3, nicolae_vaults_branching_niches,
          nicolae_vaults_closet_pinwheel_1, vaults_room_grid, layout_vaults_ring
Vaults:5
Depths:1: layout_honeycomb, grunt_hell_entry_dis_mu, serial_shops, statue_bzr,
          abyss_entry, hex_medium, drop_trap, grunt_gozag_statues,
          serial_bayou_shore_b, uniq_nikola, uniq_asterion
Depths:2: lemuel_minitomb, layout_gridlike, hangedman_decor_clover_reticule,
          hangedman_abyss_entry_splay, grunt_pan_entry_spiral, hell_entry,
          minmay_shoptagon, infiniplex_staircase_9_rooms
Depths:3: gammafunk_dig_for_victory, layout_gridlike, abyss_entry_flame_altar,
          special_room [special_room_morgue], pf_vacation_house_of_asmodeus,
          serial_sigils_hangedman_writhe, rand_demon_pan_entry_9
Depths:4: grunt_zot_entry_funnels, layout_gridlike, enter_ziggurat_c,
          hell_entry, abyss_entry, serial_rivers,
          chequers_serial_rivers_large_b, chequers_serial_rivers_micro_a,
          chequers_serial_rivers_small_b, chequers_serial_rivers_room_a,
          nicolae_shop_i_like_big_books, uniq_mennas
Zot:1:    layout_misc_corridors, uniq_josephina
Zot:2:    layout_misc_corridors
Zot:3:    layout_twisted_circle, uniq_vv
Zot:4:    minmay_elemental_castle, layout_gridlike
Zot:5:    layout_gridlike

Skill      XL: |  1  2  3  4  5  6  7  8  9 10 11 12 13 14 15 16 17 18 19 20 21 22 23 24 |
---------------+-------------------------------------------------------------------------+-----
Fighting       | 2 3 8 12 16 19 20 21 22 23 26 | 26.0
Axes           | 1 3 4 6 8 10 13 15 16 18 20 | 20.0
Alchemy        | 0 |  0.0
Armour         | 2 3 7 8 12 13 15 20 | 20.0
Throwing       | 4 12 14 15 17 20 22 23 25 26 | 26.7
Evocations     | 4 |  4.0
Dodging        | 7 10 13 15 | 15.0
Stealth        | 0 |  0.0
Shields        | 12 15 | 15.0
Maces & Flails | 6 9 |  9.6
Spellcasting   | |  1.3
Conjurations   | |  0.6

Action                     |  1- 3 |  4- 6 |  7- 9 | 10-12 | 13-15 | 16-18 | 19-21 | 22-24 | 25-27 || total
---------------------------+-------+-------+-------+-------+-------+-------+-------+-------+-------++-------
  Melee: Unarmed           |    26 |       |       |       |     2 |       |       |       |       ||    28
         Headbutt          |    23 |    27 |    57 |    96 |   232 |   321 |   505 |   385 |    12 ||  1658
         Dagger            |   101 |    14 |       |       |       |       |       |       |       ||   115
         Punch             |     1 |     1 |     6 |     3 |     6 |       |       |       |       ||    17
         Hand axe          |       |   121 |   225 |       |       |       |       |       |       ||   346
         Whip              |       |    10 |       |       |       |       |       |       |       ||    10
         War axe           |       |       |    62 |   516 |  1007 |   831 |       |       |       ||  2416
         Morningstar       |       |       |       |       |    12 |       |       |       |       ||    12
         Eveningstar       |       |       |       |       |     2 |   425 |  1258 |   267 |       ||  1952
         Broad axe         |       |       |       |       |       |       |   300 |  1027 |    48 ||  1375
  Throw: Boomerang         |       |       |     6 |    13 |    11 |   260 |    24 |   272 |    11 ||   597
         Javelin           |       |       |       |       |       |     9 |    14 |    18 |       ||    41
         Throwing net      |       |       |       |       |       |     2 |       |       |       ||     2
   Cast: Sting             |     2 |       |       |       |       |       |       |       |       ||     2
 Invoke: Sacrifice Arcana  |       |     1 |       |       |       |       |       |       |       ||     1
         Reject Sacrifices |       |       |     1 |     1 |     2 |     2 |     1 |       |       ||     7
         Sacrifice Love    |       |       |       |     1 |       |       |       |       |       ||     1
         Sacrifice Forms   |       |       |       |     1 |       |       |       |       |       ||     1
         Sacrifice Health  |       |       |       |       |     1 |     1 |       |       |       ||     2
         Sacrifice Stealth |       |       |       |       |       |     1 |       |       |       ||     1
         Apocalypse        |       |       |       |       |       |     1 |     3 |     4 |       ||     8
         Sacrifice Essence |       |       |       |       |       |       |     2 |       |       ||     2
         Sacrifice Purity  |       |       |       |       |       |       |     1 |       |       ||     1
  Evoke: Wand              |       |       |     9 |       |       |     2 |     2 |     5 |       ||    18
         Lightning rod     |       |       |       |       |       |     5 |       |       |       ||     5
         Condenser vane    |       |       |       |       |       |       |     1 |       |       ||     1
    Use: Scroll            |     1 |     3 |     4 |     8 |    10 |    15 |     9 |    18 |       ||    68
         Potion            |       |       |     4 |       |     1 |     6 |     6 |     8 |     1 ||    26
   Stab: Distracted        |       |       |       |     1 |     2 |     5 |     5 |     5 |       ||    18
         Invisible         |       |       |       |     1 |       |    10 |    12 |     5 |       ||    28
         Petrifying        |       |       |       |       |     1 |       |       |       |       ||     1
         Paralysed         |       |       |       |       |       |     2 |     3 |    10 |       ||    15
         Confused          |       |       |       |       |       |       |     1 |       |       ||     1
 Armour: Robe              |     5 |       |       |       |       |       |       |       |       ||     5
         Scale mail        |    67 |    70 |       |       |       |       |       |       |       ||   137
         Chain mail        |       |    15 |   203 |   293 |   747 |   859 |    26 |       |       ||  2143
         Skin              |       |       |       |       |     2 |       |       |       |       ||     2
         Storm dragon scal |       |       |       |       |       |       |   657 |   586 |       ||  1243
         Crystal plate arm |       |       |       |       |       |       |   113 |   236 |    47 ||   396
  Dodge: Dodged            |    68 |   102 |   176 |   232 |   308 |   284 |   288 |   172 |     4 ||  1634
  Block: Kite shield       |       |       |       |       |   270 |   823 |   878 |   670 |    20 ||  2661
